 Dungeon Crawl Stone Soup version 0.32-a0-160-g465344b4ef (webtiles) character file.

Game seed: 7215293491909176750

11552 wilfster70 the Frost Mage (level 11, -2/83 HPs)
             Began as a Gnoll Ice Elementalist on Feb 10, 2024.
             Was a Follower of Ashenzari.
             Slain by Amaemon
             ... wielding a +1 demon whip of venom
              (10 damage)
             ... on level 9 of the Dungeon on Feb 11, 2024.
             The game lasted 00:28:58 (8953 turns).

wilfster70 the Frost Mage (Gnoll Ice Elementalist)  Turns: 8953, Time: 00:28:59

Health: -2/83      AC:  6    Str:  8    XL:     11   Next: 79%
Magic:  16/23      EV: 15    Int: 18    God:    Ashenzari [*.....]
Gold:   137        SH:  0    Dex: 15    Spells: 17/27 levels left

rFire   . . .        a - +0 trident (chaos)
rCold   . . .        (no shield)
rNeg    . . .        G - +1 troll leather armour of the Cosmic Scepticism {Regen+ Dex+2, Fort, Comp} (curse)
rPois   .            D - +0 helmet "Lashed Stickiness" {Bglg, Range} (curse)
rElec   .            (no cloak)
rCorr   .            (no gloves)
SInv    .            (no boots)
Will    .....        (no amulet)
Stlth   ++++         k - ring of wizardry
HPRegen 1.13/turn    E - ring of flight
MPRegen 0.18/turn

%: wizardry (x1)
@: lethally poisoned (-2 -> -3), about to teleport, flying
A: fangs 1, strong nose, distributed training
a: Renounce Religion, Shatter the Chains


You were on level 9 of the Dungeon.
You worshipped Ashenzari.
Ashenzari was aware of your devotion.
You visited 2 branches of the dungeon, and saw 10 of its levels.
You also visited: Ossuary.

You collected 573 gold pieces.
You spent 436 gold pieces at shops.

Inventory:

Hand Weapons
 a - a +0 trident of chaos (weapon)
Missiles
 z - 6 javelins
Armour
 D - the cursed +0 helmet "Lashed Stickiness" (worn) {Bglg, Range}
   (You took it off Robin on level 4 of the Dungeon)

   It has a curse which improves the following skills: Beguiling: Hexes and
   Translocations.
   Ranged Combat: Ranged Weapons and Throwing.
 G - the cursed +1 troll leather armour of the Cosmic Scepticism (worn) {Regen+ Dex+2, Fort, Comp}
   (You bought it in a shop on level 8 of the Dungeon)

   Dex+2:     It affects your dexterity (+2).
   Regen+:    It increases your rate of health regeneration.
   It has a curse which improves the following skills: Fortitude: Armour and
   Shields.
   Companions: Summonings and Necromancy.
Jewellery
 k - a ring of wizardry (left hand)
 u - the brooch of Shielding {Spirit SH+8}
   (You acquired it on level 8 of the Dungeon)

   [amulet of guardian spirit]

   Spirit:    It causes incoming damage to be divided between your reserves of
   health and magic.
   SH+8:      It affects your SH (+8).
 E - a ring of flight (right hand)
Wands
 C - a wand of iceblast (13)
Scrolls
 e - 2 scrolls of revelation
 f - a scroll of teleportation
 g - 2 scrolls of poison
 h - 2 scrolls of immolation
 q - 3 scrolls of enchant weapon
 r - a scroll of amnesia
 t - a scroll of fog
 x - a scroll of blinking
 y - 2 scrolls of enchant armour
 A - a scroll of noise
 B - a scroll of torment
Potions
 b - 5 potions of magic
 c - 4 potions of haste
 d - a potion of might
 j - 4 potions of resistance
 l - 2 potions of curing
 o - 2 potions of lignification
 p - a potion of enlightenment
 s - 3 potions of mutation
 v - 2 potions of brilliance
 F - 3 potions of attraction


   Skills:
 + Level 6.9 Fighting
 + Level 6.9 Short Blades
 + Level 6.9 Long Blades
 + Level 6.9 Axes
 + Level 6.9 Maces & Flails
 + Level 6.9 Polearms
 + Level 6.9 Staves
 + Level 6.9(7.7) Ranged Weapons
 + Level 6.9(7.7) Throwing
 + Level 6.9(7.7) Armour
 + Level 8.3 Dodging
 + Level 8.1 Stealth
 + Level 6.9(7.7) Shields
 + Level 6.9 Unarmed Combat
 + Level 8.6 Spellcasting
 + Level 5.7 Conjurations
 + Level 5.7(6.5) Hexes
 + Level 5.7(6.5) Summonings
 + Level 5.7(6.5) Necromancy
 + Level 5.7(6.5) Translocations
 + Level 5.7 Fire Magic
 + Level 9.2 Ice Magic
 + Level 5.7 Air Magic
 + Level 5.7 Earth Magic
 + Level 5.7 Alchemy
 + Level 7.5 Invocations
 + Level 6.9 Evocations
 + Level 6.2 Shapeshifting


You had 17 spell levels left.
You knew the following spells:

 Your Spells              Type           Power      Damage    Failure   Level
a - Freeze                Ice            100%       1d10      1%          1
b - Frozen Ramparts       Ice            82%        1d13      1%          3
c - Ozocubu's Armour      Ice            41%        N/A       1%          3
d - Summon Ice Beast      Ice/Summ       36%        N/A       1%          3

Your spell library contained the following spells:

 Spells                   Type           Power      Damage    Failure   Level
 Lesser Beckoning         Tloc           62%        N/A       1%          2
 Dazzling Flash           Conj/Hex       58%        N/A       1%          3
 Gell's Gravitas          Tloc           31%        N/A       1%          3
 Mephitic Cloud           Conj/Alch/Air  28%        N/A       1%          3
 Teleport Other           Tloc           31%        N/A       1%          3
 Manifold Assault         Tloc           31%        N/A       3%          4
 Curse of Agony           Necr           31%        N/A       10%         5
 Silence                  Hex/Air        14%        N/A       12%         5
 Dispersal                Tloc           15%        N/A       45%         6
 Disjunction              Tloc           15%        N/A       100%        8


Dungeon Overview and Level Annotations

Branches:
Dungeon (9/15)             Temple (1/1) D:6         Ossuary (visited)
   Lair: D:8-11         Orc: D:9-12

Altars:
Ashenzari
Cheibriados
Dithmenos
Elyvilon
Fedhas
Gozag
Hepliaklqana
Kikubaaqudgha
Makhleb
Nemelex Xobeh
Okawaru
Qazlal
Ru
Sif Muna
Trog
Uskayaw
Vehumet
Wu Jian
Xom
Yredelemnul
Zin
The Shining One

Shops:
D:8 [

Annotations:
D:5 2 transporters, Menkaure
D:7 2 transporters, ZZKoverts's ghost, novice OnFi
D:9 3 runed translucent doors, Amaemon; Harold; Picsou's ghost, novice MiFi


Innate Abilities, Weirdness & Mutations

You have very sharp teeth.
Your uncanny sense of smell can sniff out nearby items.
Your experience applies equally to all skills.


Message History

The wall freezes Amaemon.
Amaemon hits you with a +1 demon whip of venom.
You are more poisoned.
Amaemon claws you but does no damage.
Amaemon tail-slaps you but does no damage.
You hit Amaemon.
Amaemon seems to speed up.
Amaemon is heavily wounded.
You feel very sick.
The wall freezes Amaemon.
Amaemon hits you with a +1 demon whip of venom!
You are more poisoned.
Amaemon claws you! Amaemon barely misses you.
The wall freezes Amaemon!
Amaemon closely misses you. Amaemon claws you!
* * * LOW HITPOINT WARNING * * *
Amaemon completely misses you.
As you read the scroll of teleportation, it crumbles to dust.
You feel strangely unstable.
* * * LOW HITPOINT WARNING * * *
You feel extremely sick.
A lemure comes into view.
The wall freezes Amaemon!
Amaemon points at the orange demon and mumbles some strange words.
The orange demon's venom grows more potent.
You feel better.
The wall freezes Amaemon but does no damage.
Amaemon completely misses you. Amaemon closely misses you.
Amaemon tail-slaps you but does no damage.
The wall freezes the lemure!
The lemure misses you.
The wall freezes Amaemon!
Amaemon hits you with a +1 demon whip of venom!
* * * LOW HITPOINT WARNING * * *
You are poisoned.
Amaemon completely misses you. Amaemon barely misses you.
Your magical contamination has completely faded away.
Your icy armour cracks and falls away as you move.
The frozen ramparts melt away as you move.
You feel very sick.
You feel sick. The lemure attacks as it pursues you! The lemure hits you.
* * * LOW HITPOINT WARNING * * *
Amaemon hits you with a +1 demon whip of venom!
You die...

#...................[รท....
#.............#########...
#.............# #...
#.............#########...
#.........................
#.........................
#.###############.........
#.........5...............
#........@6...............
#...........@.############
############5.# #
.......4....... .
.....4......... .
..........5.... #
#######....$... #....<...
#........


You could see Amaemon (fast), Harold and 3 lemures.

Vanquished Creatures
  2 two-headed ogres
  A hornet (D:8)
  2 trolls
  Prince Ribbit (D:6)
  A wyvern (D:8)
  A steam dragon (D:8)
  Grum (D:9)
  5 water moccasins
  3 ice beasts
  2 sky beasts
  A black bear (D:8)
  3 wolves
  A centaur (D:8)
  2 kobold brigands
  A bullfrog (D:8)
  2 scorpions
  7 killer bees (D:9)
  2 howler monkeys (D:8)
  A jelly (D:6)
  3 bullfrog zombies (Ossuary)
  4 hounds
  2 orc priests
  3 iguanas
  Jessica (D:2)
  A sleepcap (D:7)
  6 orc wizards
  A killer bee zombie (Ossuary)
  Robin (D:4)
  A howler monkey zombie (Ossuary)
  8 gnolls
  5 adders
  2 river rats (D:4)
  A shadow imp (D:7)
  A white imp (D:7)
  6 ufetubi
  2 ribbon worms (D:3)
  13 orcs
  5 endoplasms
  6 giant cockroaches
  16 goblins
  14 hobgoblins
  4 quokkas
  5 ball pythons
  5 bats
  19 kobolds
  4 rats
178 creatures vanquished.

Vanquished Creatures (collateral kills)
  A wraith (D:6)
  An acid dragon (D:6)
  A water moccasin (D:6)
  2 ice beasts
  A centaur (D:8)
  A phantom (D:6)
  A bullfrog (D:6)
  A kobold brigand (D:7)
  A gnoll sergeant (D:8)
  An orc wizard (D:9)
  2 gnolls (D:8)
  An orc (D:6)
  3 kobolds
17 creatures vanquished.

Vanquished Creatures (others)
  A gnoll (D:8)
1 creature vanquished.

Grand Total: 196 creatures vanquished

Notes
Turn   | Place    | Note
-------+----------+-------------------------------------------
     0 | D:1      | wilfster70 the Gnoll Ice Elementalist began the quest for
                  | the Orb.
     0 | D:1      | Reached XP level 1. HP: 13/13 MP: 6/6
   106 | D:1      | Found a faded altar of an unknown god.
   118 | D:1      | Reached XP level 2. HP: 17/19 MP: 3/7
   989 | D:2      | Noticed Jessica
   998 | D:2      | Reached skill level 5 in Spellcasting
   998 | D:2      | Reached XP level 3. HP: 15/25 MP: 3/9
   998 | D:2      | Killed Jessica
   999 | D:2      | Reached skill level 1 in Fighting
   999 | D:2      | Reached skill level 1 in Short Blades
   999 | D:2      | Reached skill level 1 in Long Blades
   999 | D:2      | Reached skill level 1 in Axes
   999 | D:2      | Reached skill level 1 in Maces & Flails
   999 | D:2      | Reached skill level 1 in Polearms
   999 | D:2      | Reached skill level 1 in Staves
   999 | D:2      | Reached skill level 1 in Ranged Weapons
   999 | D:2      | Reached skill level 1 in Throwing
   999 | D:2      | Reached skill level 1 in Armour
   999 | D:2      | Reached skill level 1 in Shields
   999 | D:2      | Reached skill level 1 in Unarmed Combat
   999 | D:2      | Reached skill level 1 in Invocations
   999 | D:2      | Reached skill level 1 in Evocations
   999 | D:2      | Reached skill level 1 in Shapeshifting
   999 | D:2      | Reached XP level 4. HP: 19/32 MP: 2/11
  1373 | D:2      | Learned a level 3 spell: Frozen Ramparts
  1377 | D:2      | Learned a level 3 spell: Ozocubu's Armour
  1760 | D:3      | Reached skill level 1 in Conjurations
  1760 | D:3      | Reached skill level 1 in Hexes
  1760 | D:3      | Reached skill level 1 in Summonings
  1760 | D:3      | Reached skill level 1 in Necromancy
  1760 | D:3      | Reached skill level 1 in Translocations
  1760 | D:3      | Reached skill level 1 in Fire Magic
  1760 | D:3      | Reached skill level 1 in Air Magic
  1760 | D:3      | Reached skill level 1 in Earth Magic
  1760 | D:3      | Reached skill level 1 in Alchemy
  1825 | D:3      | You fall into a shaft and drop 2 floors!
  1825 | D:5      | Entered Level 5 of the Dungeon
  2444 | D:4      | Noticed Robin
  2450 | D:4      | Reached XP level 5. HP: 37/37 MP: 8/12
  2452 | D:4      | Killed Robin
  2594 | D:4      | Found a sand-covered staircase.
  2605 | Ossuary  | Entered an ossuary
  2737 | Ossuary  | Reached XP level 6. HP: 40/44 MP: 11/13
  2783 | Ossuary  | Reached skill level 5 in Dodging
  3664 | D:5      | Found a transporter.
  4000 | D:5      | Learned a level 3 spell: Summon Ice Beast
  4062 | D:5      | Found a transporter.
  4109 | D:5      | Reached XP level 7. HP: 46/50 MP: 11/15
  4174 | D:5      | Noticed Menkaure
  4576 | D:6      | Reached skill level 5 in Stealth
  4755 | D:6      | Noticed Prince Ribbit
  4768 | D:6      | Reached XP level 8. HP: 6/58 MP: 7/16
  4777 | D:6      | Killed Prince Ribbit
  5205 | D:6      | Noticed a wraith
  5222 | D:6      | Killed a wraith
  5223 | D:6      | Reached XP level 9. HP: 59/65 MP: 13/18
  5394 | D:6      | Found a staircase to the Ecumenical Temple.
  5397 | D:6      | Noticed a troll
  5415 | D:6      | Killed a troll
  5416 | D:6      | Reached skill level 8 in Ice Magic
  5540 | Temple   | Entered the Ecumenical Temple
  5560 | Temple   | Became a worshipper of Ashenzari the Shackled
  5923 | D:7      | Found a transporter.
  6000 | D:7      | Noticed ZZKoverts's ghost (novice OnFi)
  6179 | D:7      | Reached skill level 5 in Invocations
  6199 | D:7      | Found a transporter.
  6480 | D:7      | Found a basalt altar of Yredelemnul.
  6483 | D:7      | Found a snail-covered altar of Cheibriados.
  6488 | D:7      | Found an iron altar of Okawaru.
  7065 | D:8      | Noticed a troll
  7092 | D:8      | Killed a troll
  7093 | D:8      | Reached skill level 5 in Fighting
  7093 | D:8      | Reached skill level 5 in Short Blades
  7093 | D:8      | Reached skill level 5 in Long Blades
  7093 | D:8      | Reached skill level 5 in Axes
  7093 | D:8      | Reached skill level 5 in Maces & Flails
  7093 | D:8      | Reached skill level 5 in Polearms
  7093 | D:8      | Reached skill level 5 in Staves
  7093 | D:8      | Reached skill level 5 in Ranged Weapons
  7093 | D:8      | Reached skill level 5 in Throwing
  7093 | D:8      | Reached skill level 5 in Armour
  7093 | D:8      | Reached skill level 5 in Shields
  7093 | D:8      | Reached skill level 5 in Unarmed Combat
  7093 | D:8      | Reached skill level 5 in Evocations
  7093 | D:8      | Reached XP level 10. HP: 74/74 MP: 14/20
  7595 | D:8      | Found Apni's Armour Shop.
  7601 | D:8      | Bought the +1 troll leather armour of Hawemmuro {Regen+
                  | Dex+2} for 436 gold pieces
  7900 | D:8      | Noticed a two-headed ogre
  8017 | D:8      | Killed a two-headed ogre
  8018 | D:8      | Reached skill level 5 in Shapeshifting
  8342 | D:8      | Reached * piety under Ashenzari
  8342 | D:8      | Identified a scroll of acquirement
  8343 | D:8      | Acquired the brooch of Shielding {Spirit SH+8}
  8343 | D:8      | Found the brooch of Shielding {Spirit SH+8}
  8352 | D:8      | Upgraded the game from 0.32-a0-135-g14f8b2e1af to
                  | 0.32-a0-160-g465344b4ef
  8388 | D:9      | Found a runed translucent gate.
  8419 | D:9      | Noticed Grum
  8433 | D:9      | Killed Grum
  8445 | D:9      | HP: 2/76 [wolf[Grum] (7)]
  8446 | D:9      | Reached skill level 5 in Conjurations
  8446 | D:9      | Reached skill level 5 in Hexes
  8446 | D:9      | Reached skill level 5 in Summonings
  8446 | D:9      | Reached skill level 5 in Necromancy
  8446 | D:9      | Reached skill level 5 in Translocations
  8446 | D:9      | Reached skill level 5 in Fire Magic
  8446 | D:9      | Reached skill level 9 in Ice Magic
  8446 | D:9      | Reached skill level 5 in Air Magic
  8446 | D:9      | Reached skill level 5 in Earth Magic
  8446 | D:9      | Reached skill level 5 in Alchemy
  8446 | D:9      | Reached XP level 11. HP: 2/83 MP: 13/23
  8563 | D:9      | Found a runed translucent gate.
  8563 | D:9      | Found a runed translucent gate.
  8567 | D:9      | Noticed Picsou's ghost (novice MiFi)
  8580 | D:9      | Noticed a two-headed ogre
  8591 | D:9      | Killed a two-headed ogre
  8757 | D:9      | Found a sparkling altar of Nemelex Xobeh.
  8900 | D:9      | Identified the ring "Etiucuos" {Str+6 Int+6}
  8937 | D:9      | Noticed Amaemon
  8946 | D:9      | Noticed Harold
  8953 | D:9      | Slain by Amaemon

Illustrated notes

Levels and vault maps discovered:
D:1:      ldierk_walled_garden_2, layout_basic, serial_glass, glass_columns_a,
          glass_columns_a, glass_columns_a, glass_columns_c, glass_columns_a,
          glass_columns_a, glass_columns_a, glass_columns_b,
          shapermc_ecumenical_altar_mp_ritualfount
D:2:      cheibrodos_greedy_goblins, layout_basic, uniq_jessica
D:3:      layout_basic
D:4:      layout_cave_pods, nicolae_ossuary_entry_ruins, gup_sewer_entry_spiral,
          minmay_vboxes, uniq_robin
D:5:      gammafunk_cloud_chamber, layout_basic, corexii_checkpoint,
          uniq_menkaure
D:6:      minmay_opposing_rooms, layout_basic, minmay_temple_entry_tees,
          uniq_prince_ribbit1
D:7:      layout_basic, grunt_temple_overflow_diamond,
          gammafunk_ghost_stat_death
D:8:      layout_gridville, serial_shops, nicolae_shop_rolling_square,
          serial_rivers, chequers_serial_rivers_large_b,
          chequers_serial_rivers_small_3, chequers_serial_rivers_marsh,
          chequers_serial_rivers_micro_e
D:9:      layout_long_grid, old_standard_altar, biasface_ghost_orc_armoury,
          uniq_pikel, uniq_grum, uniq_amaemon, uniq_harold
Temple:   regret_index_temple_chain_breaker

Skill      XL: |  1  2  3  4  5  6  7  8  9 10 |
---------------+-------------------------------+-----
Spellcasting   | 5 6 7 8 |  8.6
Fighting       | 1 2 3 4 5 6 |  6.9
Short Blades   | 1 2 3 4 5 6 |  6.9
Long Blades    | 1 2 3 4 5 6 |  6.9
Axes           | 1 2 3 4 5 6 |  6.9
Maces & Flails | 1 2 3 4 5 6 |  6.9
Polearms       | 1 2 3 4 5 6 |  6.9
Staves         | 1 2 3 4 5 6 |  6.9
Ranged Weapons | 1 2 3 4 5 6 |  6.9
Throwing       | 1 2 3 4 5 6 |  6.9
Armour         | 1 2 3 4 5 6 |  6.9
Shields        | 1 2 3 4 5 6 |  6.9
Unarmed Combat | 1 2 3 4 5 6 |  6.9
Invocations    | 1 2 3 4 5 7 |  7.5
Evocations     | 1 2 3 4 5 6 |  6.9
Shapeshifting  | 1 2 3 4 6 |  6.2
Conjurations   | 1 2 3 4 5 |  5.7
Hexes          | 1 2 3 4 5 |  5.7
Summonings     | 1 2 3 4 5 |  5.7
Necromancy     | 1 2 3 4 5 |  5.7
Translocations | 1 2 3 4 5 |  5.7
Fire Magic     | 1 2 3 4 5 |  5.7
Air Magic      | 1 2 3 4 5 |  5.7
Earth Magic    | 1 2 3 4 5 |  5.7
Alchemy        | 1 2 3 4 5 |  5.7
Dodging        | 5 6 8 |  8.3
Stealth        | 5 6 8 |  8.1
Ice Magic      | 8 9 |  9.2

Action                     |  1- 3 |  4- 6 |  7- 9 | 10-12 || total
---------------------------+-------+-------+-------+-------++-------
  Melee: Dagger            |    16 |   165 |       |       ||   181
         Bite              |     2 |    27 |    34 |    18 ||    81
         Punch             |       |     9 |    13 |    11 ||    33
         Trident           |       |    23 |   207 |   160 ||   390
  Throw: Javelin           |       |       |     2 |       ||     2
   Cast: Freeze            |    27 |    33 |       |       ||    60
         Frozen Ramparts   |       |    17 |    21 |    16 ||    54
         Ozocubu's Armour  |       |     5 |     6 |     2 ||    13
         Summon Ice Beast  |       |       |     8 |     8 ||    16
 Invoke: Curse Item        |       |       |     1 |     1 ||     2
  Evoke: Wand              |       |       |       |     2 ||     2
    Use: Scroll            |       |       |    11 |     6 ||    17
         Potion            |       |       |     2 |     6 ||     8
   Stab: Sleeping          |     1 |     8 |       |     2 ||    11
         Distracted        |       |       |     2 |     2 ||     4
         Confused          |       |       |       |     1 ||     1
 Armour: Robe              |    14 |    16 |       |       ||    30
         Leather armour    |       |   153 |   183 |    11 ||   347
         Troll leather arm |       |       |       |   161 ||   161
  Dodge: Dodged            |    25 |   170 |   173 |   177 ||   545

Table legend: (Time is in decaauts)
 A = Elapsed time spent in this place.
 B = Non-inter-level travel time spent in this place.
 C = Inter-level travel time spent in this place.
 D = Time resting spent in this place.
 E = Time spent auto-exploring this place.
 F = Levels seen in this place.
 G = Mean time per level.
                   A        B        C        D        E       F      G
               +--------+--------+--------+--------+--------+-----+--------+
         Total |   9074 |   8633 |    441 |   2032 |   3490 |  11 |  824.9 |
       Dungeon |   8758 |   8356 |    402 |   1939 |   3490 |   9 |  973.1 |
        Temple |     40 |      1 |     39 |      0 |      0 |   1 |   40.0 |
       Ossuary |    275 |    275 |      0 |     93 |      0 |   1 |  275.0 |
               +--------+--------+--------+--------+--------+-----+--------+

Top non-repeatable levels by time:
     D:8: 1487 daAuts
     D:6: 1408 daAuts
     D:7: 1251 daAuts
     D:4: 1049 daAuts
     D:2: 921 daAuts
     D:1: 749 daAuts
     D:5: 746 daAuts
     D:3: 655 daAuts
     D:9: 489 daAuts
 Ossuary: 275 daAuts
  Temple: 40 daAuts
